[Event "Turkish Youth Championships 2023"]
[Site "Samsun"]
[Date "2023.05.23"]
[Round "7.6"]
[White "Kavri, Yusuf Eren"]
[Black "Cakmak, Kursat Kagan"]
[Result "1-0"]
[WhiteElo "2029"]
[BlackElo "1498"]
[PlyCount "47"]
[EventDate "2023.05.19"]
[EventType "swiss"]
[EventCountry "TUR"]
[TimeControl "5400+30"]
[BlackClock "0:52:00"]

1. e4 d6 2. d4 Nf6 3. Nc3 e5 4. Nf3 Nbd7 5. Bc4 Be7 6. O-O O-O 7. Re1 a6 8. a4 b6 9. Bg5 Bb7 10. Bxf6 Bxf6 11. Bd5 c6 12. Ba2 exd4 13. Nxd4 Bxd4 14. Qxd4 Qf6 15. Rad1 Qg5 16. Qd2 Qh5 17. Qxd6 Ne5 18. f4 Ng6 19. f5 Nh4 20. Rd3 g5 21. Qf6 Rae8 22. Rg3 h6 23. Bc4 g4 24. Be2 1-0

[Event "Turkish Youth Championships 2023"]
[Site "Samsun"]
[Date "2023.05.23"]
[Round "7.7"]
[White "Coskun, Emre"]
[Black "Temizer, Umut"]
[Result "0-1"]
[WhiteElo "1750"]
[BlackElo "1973"]
[PlyCount "120"]
[EventDate "2023.05.19"]
[EventType "swiss"]
[EventCountry "TUR"]
[TimeControl "5400+30"]
[WhiteClock "0:00:24"]

1. e4 c5 2. Nc3 Nc6 3. g3 g6 4. Bg2 Bg7 5. d3 Rb8 6. Be3 d6 7. Qd2 b5 8. Nge2 Nd4 9. O-O b4 10. Nd1 Nxe2+ 11. Qxe2 Nf6 12. h3 O-O 13. f4 a5 14. g4 a4 15. Rb1 Qc7 16. b3 Rb6 17. g5 Nh5 18. Kh2 axb3 19. axb3 f6 20. Rf3 d5 21. Kg1 Bb7 22. Rf2 fxg5 23. fxg5 Nf4 24. Qg4 Nxg2 25. Rxf8+ Kxf8 26. Qxg2 dxe4 27. dxe4 Re6 28. Nf2 Bc3 29. Qf3+ Ke8 30. Rd1 c4 31. Bf4 Qc6 32. Kh2 Qc5 33. h4 Bd4 34. Bg3 Bxf2 35. Bxf2 Qe5+ 36. Bg3 Qxe4 37. Qf2 Qg4 38. Re1 Rxe1 39. Qxe1 Qf3 40. Qg1 c3 41. Bb8 Qe2+ 42. Kg3 Qxc2 43. Qf1 Qe4 44. Bf4 Bc6 45. h5 gxh5 46. Kh2 h4 47. Bc1 Qc2+ 48. Kg1 Qxb3 49. Qa6 Qd1+ 50. Kf2 Qf3+ 51. Ke1 Qg3+ 52. Kd1 Qd6+ 53. Ke1 Qe6+ 54. Kf2 b3 55. Qb6 Qf5+ 56. Ke1 Qb5 57. Qc7 b2 58. Qc8+ Kf7 59. Kf2 b1=Q 60. g6+ hxg6 0-1

[Event "Turkish Youth Championships 2023"]
[Site "Samsun"]
[Date "2023.05.25"]
[Round "7.8"]
[White "Gungor, Cihan Akif"]
[Black "Sahbudak, Baris Cinar"]
[Result "1-0"]
[ECO "B27"]
[WhiteElo "1771"]
[BlackElo "1603"]
[Annotator "NA"]
[PlyCount "105"]
[EventDate "2023.05.19"]
[EventType "swiss"]
[EventCountry "TUR"]
[SourceTitle "playchess.com"]
[Source "ChessBase"]
[SourceQuality "1"]
[TimeControl "5400+30"]

1. e4 c5 2. Nf3 g6 3. c3 d5 4. exd5 Qxd5 5. Na3 Bg7 6. Bc4 Qd8 7. O-O Nf6 8. Qa4+ Bd7 9. Qb3 e6 10. Qxb7 Nc6 11. d3 Rb8 12. Qa6 Rb6 13. Qa4 Nd4 14. Qd1 Nxf3+ 15. Qxf3 Bc6 16. Qg3 O-O 17. Bb3 a5 18. Nc4 Rb8 19. Ne5 Ba8 20. Bg5 h6 21. Bxf6 Bxf6 22. Nxg6 fxg6 23. Qxg6+ Bg7 24. Bxe6+ Kh8 25. Bf5 Kg8 26. Qh7+ Kf7 27. Bg6+ Kf6 28. Bh5 Qd7 29. Qg6+ Ke7 30. Qxg7+ Kd6 31. Qxd7+ Kxd7 32. b3 a4 33. bxa4 Rb2 34. f3 Rg8 35. Rf2 Rb6 36. Re1 Rg5 37. Bg4+ Kc7 38. Re7+ Kb8 39. Rfe2 h5 40. h4 Rd5 41. Re8+ Ka7 42. R2e7+ Bb7 43. Bc8 Rxd3 44. Rh8 Rxc3 45. Rhh7 Rb1+ 46. Kh2 Rc4 47. Rxb7+ Rxb7 48. Rxb7+ Ka8 49. Rh7 Rxh4+ 50. Kg3 Rxa4 51. Rxh5 c4 52. Rc5 Rxa2 53. Rxc4 1-0

[Event "Turkish Youth Championships 2023"]
[Site "Samsun"]
[Date "2023.05.23"]
[Round "7.8"]
[White "Kaynak, Deniz Can"]
[Black "Biyiksiz, Ali Batuhan"]
[Result "0-1"]
[WhiteElo "1651"]
[BlackElo "2107"]
[PlyCount "136"]
[EventDate "2023.05.19"]
[EventType "swiss"]
[EventCountry "TUR"]
[TimeControl "5400+30"]
[WhiteClock "0:05:54"]

1. c4 e5 2. g3 Nc6 3. Bg2 f5 4. Nc3 Nf6 5. e3 e4 6. d3 Bb4 7. Nge2 d5 8. O-O dxc4 9. dxe4 fxe4 10. Qxd8+ Nxd8 11. Nxe4 Nxe4 12. Bxe4 c6 13. Rd1 Nf7 14. Bd2 a5 15. Nd4 O-O 16. Rac1 Ng5 17. Bg2 Bg4 18. f3 Nh3+ 19. Bxh3 Bxh3 20. Rxc4 Be7 21. f4 Rfd8 22. Kf2 Bg4 23. Ne2 Be6 24. Re4 Kf7 25. b3 Bf6 26. Ke1 b5 27. f5 Bxf5 28. Rf4 Be6 29. Rc1 Ra6 30. Bc3 a4 31. Bxf6 gxf6 32. Nd4 Bd5 33. e4 Re8 34. bxa4 Rxa4 35. Nxc6 Bxe4 36. Kf1 Rxa2 37. Nd4 Rxh2 38. Rc7+ Kg8 39. Rxf6 Ra8 40. Rf2 Ra1+ 41. Ke2 Ra2+ 42. Ke3 Rhxf2 43. Kxe4 b4 44. Rb7 Rab2 45. Nc6 b3 46. Nd4 Rg2 47. Rxb3 Rxb3 48. Nxb3 Rxg3 49. Nd4 Rg4+ 50. Ke3 h5 51. Nf5 Kh7 52. Kf3 Kg6 53. Ne3 Ra4 54. Nd1 Kg5 55. Nf2 Ra3+ 56. Kg2 Kh4 57. Kh2 Ra2 58. Kg2 Kg5 59. Kf3 Ra3+ 60. Kg2 h4 61. Nh3+ Kh5 62. Nf2 Rg3+ 63. Kh2 Kg6 64. Nh1 Ra3 65. Nf2 Kg5 66. Nh3+ Kg4 67. Nf2+ Kf3 68. Nh1 Ra1 0-1

[Event "Turkish Youth Championships 2023"]
[Site "Samsun"]
[Date "2023.05.23"]
[Round "7.11"]
[White "Eroz, Enis"]
[Black "Gokturk, Murat Kutay"]
[Result "1-0"]
[WhiteElo "1830"]
[BlackElo "1591"]
[PlyCount "85"]
[EventDate "2023.05.19"]
[EventType "swiss"]
[EventCountry "TUR"]
[TimeControl "5400+30"]

1. e4 c5 2. Nf3 d6 3. d4 cxd4 4. Nxd4 Nf6 5. Nc3 g6 6. Be2 Bg7 7. Be3 Nc6 8. O-O Bd7 9. f4 Rc8 10. Kh1 h5 11. Bf3 Ng4 12. Bg1 a6 13. a4 Na5 14. Qe1 Rc4 15. Rd1 Nc6 16. Nde2 Nb4 17. b3 Rc8 18. Rc1 Bc6 19. Nd5 Bxd5 20. Qxb4 Bc6 21. Nd4 Bh6 22. Rcd1 a5 23. Nxc6 bxc6 24. Qc3 Nf6 25. e5 Nd5 26. Qd4 Bg7 27. Bxd5 cxd5 28. Qxd5 O-O 29. exd6 exd6 30. c4 Rb8 31. Rf3 Qh4 32. Qxa5 Rfe8 33. Qg5 Qxg5 34. fxg5 Be5 35. a5 Ra8 36. b4 Reb8 37. Bb6 Bg7 38. Rxd6 Bf8 39. Rfd3 Re8 40. Rd8 Re1+ 41. Bg1 Rxd8 42. Rxd8 Kg7 43. c5 1-0

[Event "Turkish Youth Championships 2023"]
[Site "Samsun"]
[Date "2023.05.23"]
[Round "7.12"]
[White "Topaloglu, Mehmet Utkan"]
[Black "Yildiz, Elif Zeren"]
[Result "1-0"]
[WhiteElo "1511"]
[BlackElo "1722"]
[PlyCount "79"]
[EventDate "2023.05.19"]
[EventType "swiss"]
[EventCountry "TUR"]
[TimeControl "5400+30"]
[BlackClock "0:12:31"]

1. e4 c5 2. c3 Nf6 3. e5 Nd5 4. Nf3 Nc6 5. d4 cxd4 6. cxd4 d6 7. Bc4 dxe5 8. dxe5 Ndb4 9. a3 Qa5 10. O-O Bf5 11. e6 fxe6 12. Bd2 Qc5 13. Qe2 Nc2 14. b4 Qd6 15. Ra2 N2d4 16. Qe3 a6 17. Bc3 e5 18. Rd2 Nxf3+ 19. Qxf3 Qg6 20. Rb2 O-O-O 21. b5 axb5 22. Bxb5 Bd3 23. Bxc6 Qxc6 24. Rc1 e4 25. Qg4+ e6 26. Bd2 Bc5 27. Be3 b6 28. Nd2 g6 29. Nb3 Rd5 30. Nd4 Rxd4 31. Bxd4 Rd8 32. Bxc5 bxc5 33. Qf4 Qc7 34. Rxc5 Qxc5 35. Rb8+ Kd7 36. Qf7+ Kc6 37. Qb7+ Kd6 38. Rxd8+ Ke5 39. Qb8+ Kf6 40. Qf4+ 1-0

[Event "Turkish Youth Championships 2023"]
[Site "Samsun"]
[Date "2023.05.23"]
[Round "7.13"]
[White "Bilgin, Ali Tugrul"]
[Black "Zerey, Demhat"]
[Result "0-1"]
[WhiteElo "1371"]
[BlackElo "1710"]
[PlyCount "152"]
[EventDate "2023.05.19"]
[EventType "swiss"]
[EventCountry "TUR"]
[TimeControl "5400+30"]
[WhiteClock "0:02:33"]

1. e4 c5 2. Nf3 g6 3. d4 cxd4 4. Nxd4 Bg7 5. Nc3 Nc6 6. Be3 Nf6 7. Be2 O-O 8. O-O d5 9. exd5 Nb4 10. d6 Nfd5 11. a3 Nxc3 12. bxc3 Nd5 13. dxe7 Qxe7 14. Bd2 Rd8 15. Bd3 Nxc3 16. Bxc3 Qc5 17. Bb4 Qxd4 18. Rb1 Be6 19. Qf3 Bd5 20. Qg3 Rac8 21. Bd2 b6 22. Rb4 Qc5 23. Be3 Qe7 24. Bd2 Be5 25. Bf4 Bc3 26. Rbb1 Qxa3 27. Bb5 a6 28. Bd3 b5 29. Be5 Bxe5 30. Qxe5 Qc3 31. Qxc3 Rxc3 32. Ra1 Rd6 33. Rfc1 Kg7 34. f3 f5 35. Re1 Kf6 36. Re8 Bc4 37. f4 Bxd3 38. cxd3 Rcxd3 39. Kf2 Rd2+ 40. Kg3 R6d3+ 41. Kh4 Rxg2 42. h3 Rd6 43. Rxa6 Rg4+ 44. hxg4 Rxa6 45. Rb8 fxg4 46. Kxg4 h5+ 47. Kh4 Ra4 48. Rxb5 Rxf4+ 49. Kg3 Rf5 50. Rb6+ Kg5 51. Rb3 h4+ 52. Kh3 Kh5 53. Rb8 Rf3+ 54. Kg2 Ra3 55. Rb2 g5 56. Rc2 h3+ 57. Kh2 Kh4 58. Rc8 Ra2+ 59. Kh1 g4 60. Rc1 Rf2 61. Rc4 Kg3 62. Rc3+ Rf3 63. Rc1 Re3 64. Rf1 Re4 65. Rg1+ Kh4 66. Rd1 g3 67. Rg1 Kg4 68. Rc1 Rd4 69. Rb1 Rd3 70. Ra1 Kf3 71. Rf1+ Ke2 72. Kg1 Rd1 73. Rxd1 Kxd1 74. Kf1 Kd2 75. Kg1 Ke2 76. Kh1 g2+ 0-1

[Event "Turkish Youth Championships 2023"]
[Site "Samsun"]
[Date "2023.05.23"]
[Round "7.14"]
[White "Turker, Esat Tuna"]
[Black "Gani, Refik Efe"]
[Result "1/2-1/2"]
[WhiteElo "1713"]
[BlackElo "1526"]
[PlyCount "75"]
[EventDate "2023.05.19"]
[EventType "swiss"]
[EventCountry "TUR"]
[TimeControl "5400+30"]
[BlackClock "0:02:41"]

1. d4 Nf6 2. Nf3 d5 3. g3 c5 4. Bg2 cxd4 5. Nxd4 e5 6. Nb3 Be6 7. c4 Nc6 8. cxd5 Nxd5 9. O-O Be7 10. e4 Ndb4 11. Na3 Qxd1 12. Rxd1 Nxa2 13. Nd2 Nd4 14. Kf1 Bxa3 15. bxa3 Nc3 16. Re1 Nc2 17. Bb2 Nxe1 18. Rxe1 Rc8 19. Rc1 Nb5 20. Rxc8+ Bxc8 21. Bxe5 f6 22. Bb2 Kf7 23. Ke2 Rd8 24. Ke3 b6 25. Bf1 Nd6 26. Bd3 h6 27. f4 Nb7 28. Nf3 Be6 29. f5 Ba2 30. e5 Nc5 31. e6+ Ke7 32. Be2 Bb1 33. Nh4 a6 34. Bd4 Rd5 35. g4 h5 36. h3 hxg4 37. hxg4 Ba2 38. Ng6+ 1/2-1/2

[Event "Turkish Youth Championships 2023"]
[Site "Samsun"]
[Date "2023.05.23"]
[Round "7.15"]
[White "Ozgun, Yigit Deniz"]
[Black "Engin, Eyup Tarik"]
[Result "1-0"]
[WhiteElo "1747"]
[BlackElo "1513"]
[PlyCount "35"]
[EventDate "2023.05.19"]
[EventType "swiss"]
[EventCountry "TUR"]
[TimeControl "5400+30"]
[BlackClock "0:17:33"]

1. Nf3 Nf6 2. b3 e6 3. Bb2 c5 4. c4 Nc6 5. g3 Be7 6. Bg2 b6 7. O-O Bb7 8. d4 cxd4 9. Nxd4 O-O 10. Nc3 d5 11. cxd5 exd5 12. Nf5 d4 13. Nb5 Qd7 14. Nxe7+ Qxe7 15. Ba3 Qe5 16. Nd6 Ba6 17. Bxc6 Rad8 18. Nc4 1-0

[Event "Turkish Youth Championships 2023"]
[Site "Samsun"]
[Date "2023.05.23"]
[Round "7.16"]
[White "Atis, Hasan"]
[Black "Caliskan, Murat Osman"]
[Result "1-0"]
[WhiteElo "1890"]
[BlackElo "1538"]
[PlyCount "92"]
[EventDate "2023.05.19"]
[EventType "swiss"]
[EventCountry "TUR"]
[TimeControl "5400+30"]
[WhiteClock "0:32:00"]

1. e4 e6 2. d4 d5 3. Nd2 dxe4 4. Nxe4 Nd7 5. c3 Ngf6 6. Bd3 c5 7. Ne2 Be7 8. O-O O-O 9. Qc2 Nxe4 10. Bxe4 Nf6 11. Bf3 Qc7 12. Rd1 cxd4 13. Nxd4 Bd7 14. a4 a6 15. a5 Rac8 16. g3 h6 17. Re1 Bd6 18. Bg2 Rfe8 19. Bd2 Bc5 20. Nb3 Ba7 21. Bf4 e5 22. Be3 Bxe3 23. Rxe3 Bc6 24. Bxc6 Qxc6 25. Rae1 Qb5 26. Ra1 Qc6 27. Nd2 Rcd8 28. Re2 Rd7 29. Ra4 Red8 30. Rb4 Qc5 31. Ne4 Nxe4 32. Qxe4 Qxa5 33. Rxb7 Rxb7 34. Qxb7 Rd1+ 35. Kg2 Qa1 36. Qc8+ Kh7 37. Qf5+ Kg8 38. Rxe5 Rg1+ 39. Kh3 Qf1+ 40. Kh4 Qc4+ 41. Re4 Qc6 42. Re7 Qc4+ 43. f4 g6 44. Re8+ Kh7 45. Qe5 g5+ 46. Kh5 Qe2+ 1-0

[Event "Turkish Youth Championships 2023"]
[Site "Samsun"]
[Date "2023.05.23"]
[Round "7.17"]
[White "Gungor, Cihan Akif"]
[Black "Herdem, Talha"]
[Result "1-0"]
[WhiteElo "1771"]
[BlackElo "1417"]
[PlyCount "79"]
[EventDate "2023.05.19"]
[EventType "swiss"]
[EventCountry "TUR"]
[TimeControl "5400+30"]
[BlackClock "0:00:23"]

1. e4 c5 2. c3 Nf6 3. e5 Nd5 4. d4 cxd4 5. Nf3 d6 6. cxd4 e6 7. Bc4 Be7 8. O-O O-O 9. Qe2 dxe5 10. dxe5 b6 11. Rd1 Bb7 12. Bd3 Nd7 13. Nc3 Nxc3 14. bxc3 Qc7 15. Bf4 Rfd8 16. Rac1 Nc5 17. Bc4 Rac8 18. Rxd8+ Bxd8 19. Nd4 a6 20. Qe3 b5 21. Be2 Qe7 22. c4 b4 23. Nb3 Bb6 24. Rd1 Na4 25. c5 Nxc5 26. Rd6 Qc7 27. h4 Na4 28. Nd4 Bc5 29. h5 Bxd6 30. exd6 Qd7 31. h6 Nc3 32. Bd3 Nd5 33. Qg3 f5 34. Nxe6 Nxf4 35. Nxf4 g6 36. Nxg6 hxg6 37. Qxg6+ Kh8 38. Qf6+ Kg8 39. Bxf5 Qf7 40. h7+ 1-0

[Event "Turkish Youth Championships 2023"]
[Site "Samsun"]
[Date "2023.05.23"]
[Round "7.18"]
[White "Anakok, Deniz"]
[Black "Binboga, Yaman"]
[Result "1/2-1/2"]
[WhiteElo "1448"]
[BlackElo "1653"]
[PlyCount "78"]
[EventDate "2023.05.19"]
[EventType "swiss"]
[EventCountry "TUR"]
[TimeControl "5400+30"]
[WhiteClock "0:10:47"]

1. e4 c5 2. Nf3 d6 3. Bb5+ Nd7 4. Ba4 Ngf6 5. O-O a6 6. c4 e6 7. d3 Be7 8. Nbd2 O-O 9. a3 Qc7 10. Re1 b6 11. Bc2 Bb7 12. Nf1 Rfe8 13. Ng3 Nf8 14. h4 h5 15. Ng5 g6 16. Bf4 N8h7 17. Ba4 Rf8 18. Nf1 Nxg5 19. Bxg5 Ng4 20. Qd2 Bxg5 21. Qxg5 Qd8 22. Qxd8 Rfxd8 23. Ne3 Ne5 24. Rad1 Bc6 25. Bc2 Bd7 26. Bb1 f5 27. exf5 gxf5 28. d4 Nc6 29. d5 Nd4 30. dxe6 Bxe6 31. Nc2 Nxc2 32. Bxc2 Kf7 33. Rd2 Bxc4 34. Bxf5 Kf6 35. Bh3 Bf7 36. Re3 Bc4 37. Re1 Bf7 38. Re3 d5 39. Rf3+ Kg6 1/2-1/2

[Event "Turkish Youth Championships 2023"]
[Site "Samsun"]
[Date "2023.05.23"]
[Round "7.20"]
[White "Yontem, Emir Fehim"]
[Black "Cicek, Bilal Emre"]
[Result "0-1"]
[WhiteElo "1391"]
[BlackElo "1600"]
[PlyCount "168"]
[EventDate "2023.05.19"]
[EventType "swiss"]
[EventCountry "TUR"]
[TimeControl "5400+30"]
[WhiteClock "0:31:00"]

1. d4 d5 2. Nf3 e6 3. e3 a6 4. Bd3 c5 5. b3 Nf6 6. Nbd2 b6 7. Bb2 Nbd7 8. O-O Bb7 9. Ne5 Nxe5 10. dxe5 Nd7 11. Qe2 Qc7 12. f4 Be7 13. e4 d4 14. c3 dxc3 15. Bxc3 O-O 16. Rac1 b5 17. a4 c4 18. bxc4 Bc5+ 19. Kh1 b4 20. Bb2 Rfd8 21. Nb3 a5 22. Nd4 Bxd4 23. Bxd4 Nc5 24. Bxc5 Qxc5 25. Rfd1 Rd4 26. Rd2 Bc6 27. Bc2 Rxc4 28. Rcd1 h6 29. f5 b3 30. Bxb3 Rxe4 31. Qf1 Rxe5 32. fxe6 fxe6 33. h3 Re3 34. Rd3 Rb8 35. Rc1 Qe5 36. Bxe6+ Qxe6 37. Rxe3 Bxg2+ 38. Kxg2 Qxe3 39. Qc4+ Kh8 40. Rc2 Qg5+ 41. Kh2 Rb1 42. Qd4 Rb8 43. h4 Qg6 44. Rg2 Qf7 45. Qe5 Rb4 46. Qg3 Qf4 47. Kh3 Qxg3+ 48. Rxg3 Rxa4 49. Rg6 Rb4 50. Ra6 Rb5 51. Kg4 Kg8 52. Ra7 Kf8 53. Ra8+ Kf7 54. Ra7+ Kf6 55. Ra6+ Ke7 56. Ra7+ Kf8 57. Ra8+ Kf7 58. Ra7+ Kg6 59. Ra6+ Kh7 60. Ra7 h5+ 61. Kf4 Kh6 62. Ra6+ g6 63. Kg3 Rc5 64. Kf4 Rc4+ 65. Kg3 a4 66. Ra5 Rg4+ 67. Kh3 Kg7 68. Ra6 Kf7 69. Rb6 Ke7 70. Ra6 Kd7 71. Rb6 Kc7 72. Ra6 Kb7 73. Rf6 a3 74. Rf2 Rb4 75. Rf7+ Kc6 76. Rf3 Ra4 77. Rf6+ Kd7 78. Rxg6 a2 79. Rg7+ Ke6 80. Rg6+ Kf7 81. Rg2 a1=Q 82. Rg1 Ra3+ 83. Kh2 Qe5+ 84. Kh1 Qe4+ 0-1

[Event "Turkish Youth Championships 2023"]
[Site "Samsun"]
[Date "2023.05.24"]
[Round "8.1"]
[White "Isik, Alparslan"]
[Black "Isilak, Enes"]
[Result "1-0"]
[WhiteElo "2451"]
[BlackElo "2181"]
[PlyCount "52"]
[EventDate "2023.05.19"]
[EventType "swiss"]
[EventCountry "TUR"]
[TimeControl "5400+30"]
[WhiteClock "0:51:00"]

1. d4 d5 2. c4 dxc4 3. Nf3 Nf6 4. e3 e6 5. Bxc4 a6 6. O-O b5 7. Bd3 Bb7 8. a4 b4 9. Qe2 c5 10. Nbd2 cxd4 11. exd4 Be7 12. Nc4 O-O 13. Bf4 Nbd7 14. a5 Nd5 15. Bg3 N7f6 16. Nfe5 g6 17. Rfd1 Nh5 18. Be4 Ndf4 19. Bxf4 Nxf4 20. Qf3 Bxe4 21. Qxe4 Nd5 22. Nb6 Nxb6 23. axb6 Qd6 24. Nc6 Bf6 25. b7 Rab8 26. Nxb8 Rxb8 1-0

[Event "Turkish Youth Championships 2023"]
[Site "Samsun"]
[Date "2023.05.24"]
[Round "8.2"]
[White "Angun, Batu"]
[Black "Engin, Onur Cinar"]
[Result "1-0"]
[WhiteElo "2205"]
[BlackElo "1922"]
[PlyCount "93"]
[EventDate "2023.05.19"]
[EventType "swiss"]
[EventCountry "TUR"]
[TimeControl "5400+30"]
[BlackClock "0:02:19"]

1. d4 d5 2. c4 c6 3. Nf3 Nf6 4. Nc3 e6 5. e3 Nbd7 6. Qc2 Bd6 7. Bd3 O-O 8. O-O dxc4 9. Bxc4 a6 10. a4 c5 11. dxc5 Bxc5 12. Rd1 Qc7 13. b3 b6 14. Bb2 Bb7 15. Qe2 Ng4 16. h3 Nge5 17. Rac1 Nxf3+ 18. gxf3 Ne5 19. Ne4 Rad8 20. Rxd8 Rxd8 21. b4 Bxb4 22. Bd5 Qd7 23. Bxb7 Nd3 24. Rc8 Nxb2 25. Rxd8+ Qxd8 26. Qxb2 Qd1+ 27. Kg2 Qxa4 28. Bxa6 Qxa6 29. Qxb4 Qb7 30. Qb5 g6 31. Nd6 Qc7 32. Nc4 Qc5 33. Qxc5 bxc5 34. f4 f5 35. Kf3 Kg7 36. Ke2 Kf6 37. Ne5 g5 38. Nd7+ Kg6 39. Nxc5 gxf4 40. exf4 Kf6 41. Ke3 Ke7 42. Kd4 Kd6 43. Nd3 h6 44. f3 h5 45. h4 Ke7 46. Ke5 Kf7 47. Nc5 1-0

[Event "Turkish Youth Championships 2023"]
[Site "Samsun"]
[Date "2023.05.24"]
[Round "8.3"]
[White "Tarlabasi, Emirhan"]
[Black "Kavri, Yusuf Eren"]
[Result "1-0"]
[WhiteElo "2300"]
[BlackElo "2029"]
[PlyCount "67"]
[EventDate "2023.05.19"]
[EventType "swiss"]
[EventCountry "TUR"]
[TimeControl "5400+30"]
[BlackClock "0:13:23"]

1. d4 Nf6 2. c4 e6 3. Nf3 b6 4. g3 Ba6 5. b3 Bb4+ 6. Bd2 Be7 7. Bg2 c6 8. O-O d5 9. Nc3 O-O 10. Bf4 Nbd7 11. Qd3 Rc8 12. Rac1 c5 13. Nb5 Bxb5 14. cxb5 h6 15. Rfd1 g5 16. Be3 Kg7 17. h4 Ng4 18. hxg5 hxg5 19. Bd2 f5 20. Bc3 Kg6 21. Bh3 Ngf6 22. Nxg5 Kxg5 23. Qe3+ Kg6 24. Qxe6 c4 25. Bb2 cxb3 26. Rxc8 Qxc8 27. Bxf5+ Kg7 28. Qxe7+ Rf7 29. Qe3 bxa2 30. Rc1 Qf8 31. Qg5+ Kh8 32. Rc6 Nh7 33. Bxh7 Rxf2 34. Bf5 1-0

[Event "Turkish Youth Championships 2023"]
[Site "Samsun"]
[Date "2023.05.24"]
[Round "8.4"]
[White "Demirbas, Emre"]
[Black "Akbas, Umut Ata"]
[Result "0-1"]
[WhiteElo "2013"]
[BlackElo "2417"]
[PlyCount "94"]
[EventDate "2023.05.19"]
[EventType "swiss"]
[EventCountry "TUR"]
[TimeControl "5400+30"]
[WhiteClock "0:02:20"]

1. Nf3 Nf6 2. c4 c5 3. g3 d5 4. cxd5 Nxd5 5. Bg2 Nc6 6. d4 cxd4 7. Nxd4 Ndb4 8. Nxc6 Qxd1+ 9. Kxd1 Nxc6 10. Nc3 e5 11. Nb5 Rb8 12. Be3 Bf5 13. Nxa7 Rd8+ 14. Kc1 Nxa7 15. Bxa7 Rc8+ 16. Kd1 Bb4 17. e4 Bg4+ 18. f3 Be6 19. Be3 O-O 20. Rc1 Bc4 21. Rc2 Bxa2 22. Rxc8 Rxc8 23. Bh3 Bb3+ 24. Ke2 Rc2+ 25. Kd3 Rxb2 26. Rc1 h5 27. Rc8+ Kh7 28. Rb8 Ba5 29. Ra8 b6 30. Bg5 Rxh2 31. Bf5+ g6 32. Bc8 Kg7 33. f4 Rd2+ 34. Ke3 Rc2 35. Kf3 Rc3+ 36. Kf2 f6 37. Bh4 Rc7 38. fxe5 g5 39. exf6+ Kxf6 40. e5+ Kg6 41. e6 gxh4 42. Bd7 hxg3+ 43. Kxg3 Kf6 44. Rf8+ Ke7 45. Rf7+ Kd6 46. Kh4 Rc4+ 47. Kxh5 Rc5+ 0-1

[Event "Turkish Youth Championships 2023"]
[Site "Samsun"]
[Date "2023.05.24"]
[Round "8.5"]
[White "Zerey, Demhat"]
[Black "Cilek, Bora"]
[Result "0-1"]
[WhiteElo "1710"]
[BlackElo "2285"]
[PlyCount "134"]
[EventDate "2023.05.19"]
[EventType "swiss"]
[EventCountry "TUR"]
[TimeControl "5400+30"]
[WhiteClock "0:00:24"]

1. Nf3 Nf6 2. g3 d5 3. Bg2 Bf5 4. b3 e6 5. Bb2 Be7 6. O-O O-O 7. c4 Nbd7 8. d4 c6 9. Nc3 Ne4 10. Nxe4 Bxe4 11. Nd2 Bxg2 12. Kxg2 Nf6 13. Qc2 a5 14. e4 dxe4 15. Nxe4 Nxe4 16. Qxe4 a4 17. Rfd1 Bf6 18. Rd3 axb3 19. Rxb3 Qd7 20. Bc3 Ra4 21. Qd3 Rfa8 22. Rab1 R8a7 23. d5 Bxc3 24. Rxc3 g6 25. dxe6 Qxe6 26. Qd8+ Kg7 27. Qd4+ Qf6 28. Qxf6+ Kxf6 29. Rf3+ Kg7 30. Rfb3 Rxa2 31. Rxb7 Rxb7 32. Rxb7 Ra4 33. Kf3 Rxc4 34. h4 h5 35. Rc7 Kf6 36. Ke3 Rc2 37. Kf3 Ke6 38. Ke3 Rc5 39. Kd4 Rc2 40. Ke3 c5 41. Kf3 f6 42. Kg2 Rc3 43. Rc6+ Ke5 44. Kh2 Rc4 45. Kg2 Rc2 46. Kf3 Rc3+ 47. Kg2 Kf5 48. Rc8 Rc1 49. Kf3 Rc4 50. Kg2 Rc3 51. Kh2 g5 52. hxg5 fxg5 53. Kg2 h4 54. f3 Ke5 55. Re8+ Kd4 56. gxh4 gxh4 57. Re4+ Kd3 58. Rxh4 c4 59. f4 Rb3 60. Kf3 c3 61. Rh8 c2 62. Rd8+ Kc3 63. Rc8+ Kd4+ 64. Kg4 Rc3 65. Rd8+ Ke4 66. Re8+ Kd5 67. Rd8+ Ke6 0-1

[Event "Turkish Youth Championships 2023"]
[Site "Samsun"]
[Date "2023.05.24"]
[Round "8.7"]
[White "Temizer, Umut"]
[Black "Topaloglu, Mehmet Utkan"]
[Result "1-0"]
[WhiteElo "1973"]
[BlackElo "1511"]
[PlyCount "83"]
[EventDate "2023.05.19"]
[EventType "swiss"]
[EventCountry "TUR"]
[TimeControl "5400+30"]
[BlackClock "0:05:30"]

1. e4 c5 2. Nf3 Nc6 3. Bb5 g6 4. O-O Bg7 5. Re1 e5 6. Nc3 a6 7. Bc4 b5 8. Bf1 Nge7 9. a4 b4 10. Nd5 d6 11. Bc4 Be6 12. d3 Bxd5 13. exd5 Nb8 14. c3 bxc3 15. bxc3 O-O 16. a5 Nd7 17. Qa4 Ra7 18. Bg5 f6 19. Bd2 h6 20. d4 Kh7 21. Rab1 Qa8 22. Qa2 Rc7 23. Be3 f5 24. dxe5 Nxe5 25. Nxe5 Bxe5 26. Bd2 Nc8 27. f4 Bg7 28. Qb3 Ne7 29. Re6 Rf6 30. Rxf6 Bxf6 31. Qb8 Qxb8 32. Rxb8 g5 33. g3 gxf4 34. gxf4 Ng6 35. Bxa6 Nh4 36. Kf2 Rg7 37. Bf1 Ng6 38. a6 Bh4+ 39. Kf3 Ne5+ 40. fxe5 dxe5 41. Rb7 e4+ 42. Ke2 1-0

[Event "Turkish Youth Championships 2023"]
[Site "Samsun"]
[Date "2023.05.24"]
[Round "8.8"]
[White "Saka, Omer"]
[Black "Eroz, Enis"]
[Result "1/2-1/2"]
[WhiteElo "1843"]
[BlackElo "1830"]
[PlyCount "146"]
[EventDate "2023.05.19"]
[EventType "swiss"]
[EventCountry "TUR"]
[TimeControl "5400+30"]
[WhiteClock "0:00:48"]

1. d4 Nf6 2. c4 c6 3. Nf3 d5 4. g3 dxc4 5. Bg2 g6 6. O-O Bg7 7. Qc2 b5 8. Ne5 Bb7 9. b3 cxb3 10. axb3 O-O 11. e3 Nd5 12. Nd3 Na6 13. Ba3 b4 14. Bb2 Rc8 15. Rc1 Qb6 16. Nc5 Nxc5 17. Qxc5 Qxc5 18. Rxc5 e6 19. Nd2 a6 20. Ne4 Rfd8 21. Rc2 Ra8 22. Nc5 Bc8 23. Ra5 Kf8 24. Kf1 Ke7 25. Nd3 Bb7 26. Rc4 f5 27. Nxb4 Nxb4 28. Rxb4 Rab8 29. Rc5 Kd7 30. Rxb7+ Rxb7 31. Bxc6+ Kc7 32. Bxb7+ Kxb7 33. Ke2 Bf8 34. Rc4 Rd5 35. Kd3 Rb5 36. Kc2 Bd6 37. Bc3 g5 38. Ra4 h6 39. Ra1 Rb6 40. f3 Rc6 41. Kd3 Rb6 42. Rb1 Kc6 43. e4 Rb5 44. Kc4 Kd7 45. g4 Rb6 46. h3 Rc6+ 47. Kd3 f4 48. b4 Rb6 49. Rb2 Rb7 50. d5 e5 51. Kc4 Rc7+ 52. Kb3 Kc8 53. Rc2 Kb7 54. Ra2 Kb6 55. Bd2 Rc8 56. Ra1 Kb5 57. Be1 Rc7 58. Ra5+ Kb6 59. Ra1 Kb5 60. Ra5+ Kb6 61. Bc3 Rc8 62. Ra2 Kb5 63. Rc2 Rc4 64. Rb2 Rc8 65. Bd2 Rc4 66. Ra2 Rd4 67. Kc2 Rc4+ 68. Kd3 Bxb4 69. Bxb4 Rxb4 70. Kc3 Rc4+ 71. Kd3 Rd4+ 72. Kc3 Rc4+ 73. Kd3 Rd4+ 1/2-1/2

[Event "Turkish Youth Championships 2023"]
[Site "Samsun"]
[Date "2023.05.24"]
[Round "8.9"]
[White "Kurtyilmaz, Kuzey"]
[Black "Dogan, Umut Anil"]
[Result "1/2-1/2"]
[WhiteElo "1608"]
[BlackElo "1857"]
[PlyCount "134"]
[EventDate "2023.05.19"]
[EventType "swiss"]
[EventCountry "TUR"]
[TimeControl "5400+30"]
[WhiteClock "0:00:24"]

1. e4 c6 2. c4 d5 3. cxd5 cxd5 4. exd5 Nf6 5. Nc3 Nxd5 6. Nf3 Nc6 7. Bb5 Nxc3 8. bxc3 Bd7 9. O-O e6 10. d4 Be7 11. Bf4 O-O 12. Bd3 Bf6 13. Qb1 h6 14. Qxb7 Ne7 15. Be4 Rc8 16. Qxa7 Rxc3 17. Rfd1 Bc6 18. Bxc6 Nxc6 19. Qa4 Qd5 20. Rac1 Rxf3 21. Rc5 Qe4 22. gxf3 Qxf4 23. Qxc6 Bxd4 24. Rc4 Rd8 25. Kf1 e5 26. Qc7 Rd5 27. Qc8+ Kh7 28. Qg4 Qxg4 29. fxg4 Kg6 30. Kg2 h5 31. gxh5+ Kxh5 32. a4 g5 33. Rb1 Kg4 34. Rb5 Rd6 35. a5 Kf4 36. Rb6 Rd7 37. a6 f5 38. Rb7 Rd8 39. Rf7 g4 40. Rc6 Ke4 41. Rcf6 f4 42. Rg7 Rc8 43. a7 Ra8 44. Rff7 Bc5 45. Rxg4 Bxa7 46. h4 Bd4 47. h5 Ra2 48. h6 Rxf2+ 49. Kh3 Ke3 50. h7 e4 51. Rfg7 Rf1 52. Kg2 Ke2 53. h8=Q f3+ 54. Kh2 Be5+ 55. Rg3 f2 56. Qh5+ Kd2 57. Kg2 Rg1+ 58. Kh2 f1=Q 59. Rd7+ Kc2 60. Rc7+ Bxc7 61. Qc5+ Kd2 62. Qc3+ Kd1 63. Qa1+ Kc2 64. Qa2+ Kc1 65. Qa1+ Kd2 66. Qb2+ Kd1 67. Qb1+ Kd2 1/2-1/2